 Dungeon Crawl Stone Soup version 0.31-a0-740-g87205ac768 (webtiles) character file.

Game seed: 11691349608686776703

10628 cforsyth the Fighter (level 11, -1/82 HPs)
             Began as a Djinni Chaos Knight on Sept 12, 2023.
             Was a Follower of Hepliaklqana.
             Slain by a troll (9 damage)
             ... on level 10 of the Dungeon.
             The game lasted 00:30:03 (16490 turns).

cforsyth the Fighter (Djinni Chaos Knight)         Turns: 16490, Time: 00:30:04

Health: -1/82      AC:  9    Str: 19    XL:     11   Next: 96%
Gold:   768        EV: 11    Int: 15    God:    Hepliaklqana [*.....] SH:  5 Dex: 10

rFire   + . .        y - +2 short sword (venom)
rCold   . . .        (no shield)
rNeg    . . .        J - +3 leather armour
rPois   ∞            (no helmet)
rElec   .            p - +0 cloak
rCorr   .            (no gloves)
SInv    .            (boots unavailable)
Will    +....        x - amulet of reflection
Stlth   +            t - +4 ring of protection
HPRegen 0.33/turn    E - ring of ice
MPRegen 0.00/turn

%: reflection, infuse magic (-2 HP)
@: spiked, flying, studying Throwing
A: reduced essence, sickness immunity, fire resistance 2, cold vulnerability 1,
float, innate caster, HP casting, extra vitality 1, deformed body, dopey 1,
screaming 1, strong 2, evolution 1, subdued magic 2, inability to read after
injury 1
a: Renounce Religion, Recall Ancestor, Ancestor Identity


You were on level 10 of the Dungeon.
You worshipped Hepliaklqana.
Hepliaklqana was aware of your devotion.
You visited 2 branches of the dungeon, and saw 11 of its levels.
You also visited: Bailey.

You collected 768 gold pieces.

Inventory:

Hand Weapons
 a - a +0 falchion of chaos
 o - a +1 morningstar of protection
 y - a +2 short sword of venom (weapon)
 K - a +2 short sword of electrocution
 P - a +6 heavy scimitar
Missiles
 I - 3 throwing nets
Armour
 b - a +2 leather armour
 p - a +0 cloak (worn)
 J - a +3 leather armour (worn)
Jewellery
 f - a ring of wizardry
 k - a ring of ice
 t - a +4 ring of protection (left hand)
 x - an amulet of reflection (around neck)
 E - a ring of ice (right hand)
 G - a +6 ring of dexterity
 H - a ring of see invisible
 O - the ring "Cumom" {rN+ Will+ Dex+6 Stlth-}
   (You took it off a gnoll bouda in a bailey)

   [ring of dexterity]

   Dex+6:     It affects your dexterity (+6).
   rN+:       It protects you from negative energy.
   Will+:     It increases your willpower.
   Stlth-:    It makes you less stealthy.
 S - a ring of willpower
Wands
 c - a wand of quicksilver (6)
 r - a wand of paralysis (4)
 v - a wand of digging (2)
 C - a wand of polymorph (8)
 Q - a wand of flame (7)
 T - a wand of mindburst (4)
Scrolls
 d - 2 scrolls of summoning {unknown}
 g - 2 scrolls of immolation {unknown}
 h - a scroll of fear {unknown}
 j - a scroll of revelation
 l - 2 scrolls of fog
 m - 2 scrolls of teleportation
 q - 2 scrolls of amnesia {unknown}
 z - 2 scrolls of poison
 B - a scroll of vulnerability
Potions
 e - 4 potions of curing
 i - a potion of invisibility {unknown}
 n - a potion of lignification
 s - a potion of heal wounds
 u - 4 potions of brilliance
 w - a potion of mutation
 A - a potion of might
 D - 2 potions of haste {unknown}
 F - a potion of berserk rage {unknown}
 L - 2 potions of enlightenment {unknown}
 N - a potion of attraction {unknown}
 R - a potion of cancellation {unknown}


   Skills:
 + Level 13.1 Fighting
 - Level 2.6 Long Blades
 - Level 1.0 Armour
 - Level 2.1 Dodging
 + Level 9.6 Spellcasting
 + Level 9.6 Conjurations
 + Level 9.6 Hexes
 + Level 9.6 Summonings
 + Level 9.6 Necromancy
 + Level 9.6 Translocations
 + Level 9.6 Transmutations
 + Level 9.6 Fire Magic
 + Level 9.6 Ice Magic
 + Level 9.6 Air Magic
 + Level 9.6 Earth Magic
 + Level 9.6 Poison Magic


You knew the following spells:

 Your Spells              Type           Power      Damage    Failure   Level
a - Apportation           Tloc           44%        N/A       1%          1
b - Lesser Beckoning      Tloc           44%        N/A       1%          2
c - Blink                 Tloc           44%        N/A       1%          2
d - Swiftness             Air            22%        N/A       1%          3
e - Petrify               Tmut/Erth      22%        N/A       1%          4
Your spell library was empty.

Dungeon Overview and Level Annotations

Branches:
Dungeon (10/15)            Temple (1/1) D:7            Lair (0/5) D:8
 Bailey (visited)
    Orc: D:9-12

Altars:
Ashenzari
Cheibriados
Dithmenos
Elyvilon
Gozag
Hepliaklqana
Makhleb
Nemelex Xobeh
Okawaru
Qazlal
Ru
Trog
Uskayaw
Wu Jian
Xom
Yredelemnul
Zin
The Shining One

Annotations:
D:4 1 runed translucent door, Crazy Yiuf
D:6 3 runed translucent doors, Jeremiah; arvidsem's ghost, amateur MiFi
D:7 2 transporters, miscthings's ghost, novice GnWn


Innate Abilities, Weirdness & Mutations

Your life essence is reduced to manifest your ancestor. (-10% HP)
You are immune to sickness and miasma.
You are immune to poison.
Your flesh is very heat resistant. (rF++)
You are vulnerable to cold. (rC-)
You float through the air rather than walking.
You learn spells naturally, not from books.
Your magical power is your life essence.
You have superior vitality. (+4 MHP)
Armour fits poorly on your strangely shaped body.
You are dopey. (Int -2)
You occasionally shout uncontrollably at your foes.
Your muscles are very strong. (Str +8, Int/Dex -2)
You have hidden genetic potential.
Your spells are easier to cast, but less powerful.
You occasionally lose the ability to read scrolls when taking damage.


Message History

Barbed spikes become lodged in your body.
You hit the kobold demonologist.
The kobold demonologist looks even sicker.
The kobold demonologist is lightly wounded.
The white imp spits at you.
The white imp hits you but does no damage.
You block the troll's attack. The troll closely misses you.
The troll misses you.
The kobold demonologist casts a spell.
You block the red devil's attack.
You hit the kobold demonologist.
The kobold demonologist looks as sick as possible!
The kobold demonologist is moderately wounded.
The white imp hits you but does no damage.
The troll bites you. The troll claws you but does no damage.
The troll claws you!
You block the kobold demonologist's attack.
You closely miss the kobold demonologist.
The kobold demonologist is moderately wounded.
The red devil hits you with a +0 trident!
* * * LOW HITPOINT WARNING * * *
Barbed spikes become lodged in your body.
The white imp hits you but does no damage.
You completely miss the kobold demonologist.
The kobold demonologist is moderately wounded.
You block the troll's attack. The troll closely misses you.
The troll claws you but does no damage.
The kobold demonologist closely misses you.
The red devil closely misses you. The white imp gestures at you.
The puff of frost misses you.
The puff of frost hits the troll!
You hit the kobold demonologist.
The kobold demonologist is heavily wounded.
The troll bites you!
* * * LOW HITPOINT WARNING * * *
The troll claws you!
* * * LOW HITPOINT WARNING * * *
The troll claws you!
You die...
Xom guffaws!

......#
#......KKKK
......#
#..........
.######
#.......K..
.)####
#......K...
#....# #K#
####.# #K##
####'###
#KK###
#......#
##KTK#
+......#
###@##
#......###
#.4R5#
#......'.#
#....#
#......#...#
#....# ##
#......###.#
#....##...
#......#
#..##.......#
#......#
#..#....####
#.[.R..#
#......#
#####'##
###....#


You could see the friendly Eadwine the ancestor, a kobold demonologist
(extremely poisoned), a troll, a red devil (summoned), 2 kobold brigands, a
white imp (summoned) and 3 kobolds.

Vanquished Creatures
  3 two-headed ogres
  Pikel (D:6)
  Maurice (D:9)
  Joseph (D:7)
  Maggie (D:9)
  2 kobold demonologists (D:9)
  A yaktaur (D:8)
  Prince Ribbit (D:8)
  Sigmund (D:4)
  A shadow (D:10)
  2 yaks (D:10)
  4 steam dragons
  An acid dragon (D:10)
  2 water moccasins
  4 orc warriors
  2 sky beasts
  A black bear (D:5)
  7 wolves (Bailey)
  4 centaurs
  An ogre (D:6)
  2 phantoms
  2 lemures (D:6)
  7 kobold brigands
  2 bullfrogs
  8 gnoll sergeants (Bailey)
  3 scorpions
  3 wights
  6 killer bees (D:9)
  2 electric eels (D:6)
  A howler monkey (D:6)
  5 hounds
  10 orc priests
  8 gnoll boudas (Bailey)
  2 sleepcaps
  3 orc wizards
  5 iguanas
  19 gnolls
  12 adders
  2 white imps
  An ufetubus (D:5)
  2 worms
  2 dart slugs
  31 orcs
  2 bats
  5 endoplasms
  6 giant cockroaches
  17 goblins
  4 hobgoblins
  3 jackals (D:4)
  A quokka (D:3)
  8 ball pythons
  3 frilled lizards
  24 kobolds
  5 rats
257 creatures vanquished.

Vanquished Creatures (collateral kills)
  A yak (D:10)
  An ogre (D:3)
  2 goblins (D:3)
  A jackal (D:4)
  A kobold (D:9)
6 creatures vanquished.

Vanquished Creatures (others)
  2 ancestors (D:10)
  An orc wizard (D:5)
  An adder (D:3)
  An orc (D:3)
  4 kobolds
9 creatures vanquished.

Grand Total: 272 creatures vanquished

Notes
Turn   | Place    | Note
-------+----------+-------------------------------------------
     0 | D:1      | cforsyth the Djinni Chaos Knight began the quest for the
                  | Orb.
     0 | D:1      | Reached XP level 1. HP: 20/20 MP: 0/0
   170 | D:1      | XOM: cast spell 'Leda's Liquefaction'
   193 | D:1      | Reached XP level 2. HP: 17/25 MP: 0/0
   691 | D:1      | Reached skill level 1 in Spellcasting
   691 | D:1      | Reached skill level 1 in Conjurations
   691 | D:1      | Reached skill level 1 in Hexes
   691 | D:1      | Reached skill level 1 in Summonings
   691 | D:1      | Reached skill level 1 in Necromancy
   691 | D:1      | Reached skill level 1 in Translocations
   691 | D:1      | Reached skill level 1 in Transmutations
   691 | D:1      | Reached skill level 1 in Fire Magic
   691 | D:1      | Reached skill level 1 in Ice Magic
   691 | D:1      | Reached skill level 1 in Air Magic
   691 | D:1      | Reached skill level 1 in Earth Magic
   691 | D:1      | Reached skill level 1 in Poison Magic
   697 | D:1      | XOM: god gift: wand of roots (5)
   712 | D:1      | Found a faded altar of an unknown god.
   869 | D:2      | XOM: scenery: summon butterflies
   876 | D:2      | Reached XP level 3. HP: 29/30 MP: 0/0
   876 | D:2      | Learned a level 1 spell: Apportation
   878 | D:2      | XOM: confusion (+ monsters)
  1033 | D:2      | XOM: cloud trail
  1133 | D:2      | XOM: give mutations
  1133 | D:2      | Gained mutation: Your mind is acute. (Int +4, Str/Dex -1)
                  | [Xom's mischief]
  1133 | D:2      | Gained mutation: You occasionally lose the ability to read
                  | scrolls when taking damage. [Xom's mischief]
  1133 | D:2      | Lost mutation: Your mind is acute. (Int +4, Str/Dex -1)
                  | [Xom's mischief]
  1133 | D:2      | Gained mutation: You occasionally shout uncontrollably at
                  | your foes. [Xom's mischief]
  1172 | D:2      | Reached XP level 4. HP: 37/37 MP: 0/0
  1226 | D:2      | XOM: noise
  1303 | D:2      | Reached skill level 4 in Fighting
  1694 | D:3      | Found a broken altar of Ashenzari.
  1802 | D:3      | Reached XP level 5. HP: 41/41 MP: 0/0
  1802 | D:3      | Learned a level 2 spell: Lesser Beckoning
  1802 | D:3      | XOM: divination: magic mapping
  1830 | D:2      | XOM: god gift: 2 stones
  1929 | D:3      | You are sucked into a shaft and drop 1 floor!
  1929 | D:4      | XOM: stealth player
  1969 | D:4      | XOM: enchant monster (good)
  2094 | D:4      | Found a runed translucent door.
  2095 | D:4      | Noticed Crazy Yiuf
  2129 | D:4      | Noticed Sigmund
  2129 | D:4      | XOM: cleaving
  2333 | D:3      | Found a shimmering altar of Xom.
  2405 | D:3      | Noticed an ogre
  2406 | D:3      | XOM: scenery: 1 doors open, 1 doors close
  2408 | D:3      | XOM: summons 2 friendly demons
  2422 | D:3      | Killed an ogre
  2423 | D:3      | Reached skill level 5 in Fighting
  2423 | D:3      | Reached XP level 6. HP: 49/49 MP: 0/0
  2497 | D:3      | XOM: 9-stop teleportation journey
  2499 | D:3      | XOM: noise
  2693 | D:4      | XOM: swap monsters
  2712 | D:4      | Reached XP level 7. HP: 48/54 MP: 0/0
  2712 | D:4      | Learned a level 2 spell: Blink
  2796 | D:4      | XOM: give mutations
  2796 | D:4      | Gained mutation: You are dopey. (Int -2) [Xom's mischief]
  2796 | D:4      | Gained mutation: You are clumsy. (Dex -2) [Xom's mischief]
  2889 | D:4      | Killed Sigmund
  2890 | D:4      | Reached skill level 6 in Fighting
  3102 | D:4      | XOM: give mutations
  3102 | D:4      | Lost mutation: You are clumsy. (Dex -2) [Xom's mischief]
  3102 | D:4      | Gained mutation: Your spells are a little easier to cast,
                  | but a little less powerful. [Xom's mischief]
  3115 | D:4      | Identified the +1 pair of boots of Dramatic Exits {rF+
                  | Will- Str+4}
  3376 | D:5      | Entered Level 5 of the Dungeon
  3439 | D:5      | Reached XP level 8. HP: 27/62 MP: 0/0
  3837 | D:5      | XOM: enchant monster (good)
  3849 | D:5      | XOM: polymorph adder -> giant cockroach
  4041 | D:5      | Reached skill level 7 in Fighting
  4359 | D:6      | XOM: enchant monster (bad)
  4360 | D:6      | XOM: swap monsters
  4363 | D:6      | XOM: smoke on damage
  4377 | D:6      | XOM: noise
  4382 | D:6      | XOM: blink monster(s)
  4517 | D:5      | Reached skill level 5 in Spellcasting
  4517 | D:5      | Reached skill level 5 in Conjurations
  4517 | D:5      | Reached skill level 5 in Hexes
  4517 | D:5      | Reached skill level 5 in Summonings
  4517 | D:5      | Reached skill level 5 in Necromancy
  4517 | D:5      | Reached skill level 5 in Translocations
  4517 | D:5      | Reached skill level 5 in Transmutations
  4517 | D:5      | Reached skill level 5 in Fire Magic
  4517 | D:5      | Reached skill level 5 in Ice Magic
  4517 | D:5      | Reached skill level 5 in Air Magic
  4517 | D:5      | Reached skill level 5 in Earth Magic
  4517 | D:5      | Reached skill level 5 in Poison Magic
  4794 | D:6      | XOM: scenery: create altars
  4968 | D:6      | Found a runed translucent gate.
  4968 | D:6      | Found a runed translucent gate.
  4968 | D:6      | Found an opulent altar of Gozag.
  4968 | D:6      | Found a runed translucent gate.
  4968 | D:6      | Noticed arvidsem's ghost (amateur MiFi)
  5005 | D:6      | Found an ornate altar of the Wu Jian Council.
  5008 | D:6      | Noticed Jeremiah
  5114 | D:6      | XOM: noise
  5117 | D:6      | XOM: confusion
  5221 | D:6      | XOM: 1-stop teleportation journey
  5228 | D:6      | Noticed a two-headed ogre
  5242 | D:6      | Killed a two-headed ogre
  5243 | D:6      | Reached skill level 8 in Fighting
  5243 | D:6      | Reached XP level 9. HP: 59/71 MP: 0/0
  5243 | D:6      | Learned a level 3 spell: Swiftness
  5286 | D:6      | XOM: give mutations
  5286 | D:6      | Gained mutation: You are partially covered in iridescent
                  | scales. (AC +2) [Xom's mischief]
  5286 | D:6      | Gained mutation: Armour fits poorly on your strangely
                  | shaped body. [Xom's mischief]
  5333 | D:6      | XOM: cast spell 'Leda's Liquefaction'
  5350 | D:6      | Reached skill level 9 in Fighting
  5496 | D:6      | Paralysed by Jeremiah for 5 turns
  5731 | D:6      | XOM: 2-stop teleportation journey
  5732 | D:6      | Paralysed by Jeremiah for 2 turns
  5741 | D:6      | XOM: noise
  5742 | D:6      | XOM: 1-stop teleportation journey
  5746 | D:6      | XOM: draining
  5766 | D:7      | Found a transporter.
  6104 | D:6      | XOM: 1-stop teleportation journey
  6309 | D:6      | XOM: noise
  6660 | D:7      | XOM: confuse monster(s)
  6738 | D:7      | XOM: divination: magic mapping
  6738 | D:7      | Noticed Pikel
  6814 | D:6      | XOM: torment (37/72 hp)
  6817 | D:7      | XOM: smoke on damage
  6841 | D:6      | Reached XP level 10. HP: 13/79 MP: 0/0
  7057 | D:6      | XOM: silly message
  7070 | D:6      | Killed Pikel
  7071 | D:6      | Reached skill level 10 in Fighting
  7189 | D:7      | XOM: smoke on damage
  7292 | D:7      | Noticed a moth of wrath
  7292 | D:7      | Noticed a two-headed ogre
  7293 | D:7      | Noticed miscthings's ghost (novice GnWn)
  7308 | D:7      | Noticed Joseph
  7367 | D:6      | XOM is BORED!
  7367 | D:6      | XOM: torment (42/81 hp)
  7428 | D:7      | XOM: confusion (+ monsters)
  7515 | D:7      | XOM: smoke on damage
  7545 | D:6      | XOM: draining
  7608 | D:7      | Found a transporter.
  7648 | D:7      | Found a bloodstained altar of Trog.
  7717 | D:7      | Killed Joseph
  8134 | D:7      | Found a staircase to the Ecumenical Temple.
  8193 | D:7      | XOM: scenery: create altars
  8208 | Temple   | Entered the Ecumenical Temple
  8254 | Temple   | Fell from the grace of Xom
  8254 | Temple   | Became a worshipper of Hepliaklqana the Forgotten
  8800 | D:8      | Noticed a two-headed ogre
  8815 | D:8      | Killed a two-headed ogre
  8816 | D:8      | Reached skill level 11 in Fighting
  8859 | D:8      | XOM: 1-stop teleportation journey
  9096 | D:7      | XOM: give mutations
  9096 | D:7      | Gained mutation: Your muscles are strong. (Str +4, Int/Dex
                  | -1) [Xom's mischief]
  9096 | D:7      | Gained mutation: Your muscles are very strong. (Str +8,
                  | Int/Dex -2) [Xom's mischief]
  9096 | D:7      | Lost mutation: You are partially covered in iridescent
                  | scales. (AC +2) [Xom's mischief]
  9096 | D:7      | Gained mutation: Your spells are easier to cast, but less
                  | powerful. [Xom's mischief]
  9494 | D:8      | Found a staircase to the Lair.
  9543 | D:8      | Noticed a yaktaur
  9580 | D:8      | Killed a yaktaur
  9581 | D:8      | Reached XP level 11. HP: 57/87 MP: 0/0
  9581 | D:8      | Learned a level 4 spell: Petrify
 10044 | D:8      | Found a sparkling altar of Nemelex Xobeh.
 10061 | D:9      | Noticed Maurice
 10061 | D:9      | XOM: swap monsters
 10075 | D:9      | Killed Maurice
 10114 | D:9      | Found a flagged portal.
 10129 | Bailey   | Entered a bailey
 11228 | Bailey   | XOM: stat loss: -3 Int (12/15)
 11273 | Bailey   | Reached skill level 12 in Fighting
 11456 | Bailey   | Identified the ring "Cumom" {rN+ Will+ Dex+6 Stlth-}
 12369 | Bailey   | XOM: give mutation
 12369 | Bailey   | Gained mutation: You have hidden genetic potential. [Xom's
                  | mischief]
 13153 | D:9      | Noticed a two-headed ogre
 13184 | D:9      | Killed a two-headed ogre
 13278 | D:9      | Noticed Maggie
 13284 | D:9      | XOM: summons 3 hostile demons
 13587 | D:9      | Noticed Prince Ribbit
 14066 | D:8      | Killed Prince Ribbit
 14595 | D:9      | XOM: polymorph orc priest -> bullfrog
 14702 | D:9      | Reached * piety under Hepliaklqana
 14750 | D:9      | Killed Maggie
 15264 | D:9      | Found a glowing golden altar of the Shining One.
 15337 | D:10     | Entered Level 10 of the Dungeon
 15750 | D:10     | Reached skill level 13 in Fighting
 16490 | D:10     | Slain by a troll

Illustrated notes

Levels and vault maps discovered:
D:1:      dpeg_arrival_three_bigger_balls, layout_basic,
          hellmonk_ecumenical_altar_defaced_shrine, dreamdust_princess_corridor
D:2:      minmay_general_purpose_star, layout_loops_ring
D:3:      layout_basic, xom_confusion_cloud, nicolae_overflow_crystal_walls,
          minmay_ogre_servants
D:4:      layout_loops_cross, minmay_bisected, uniq_sigmund,
          uniq_crazy_yiuf_cottage
D:5:      layout_loops_ring
D:6:      layout_basic, nicolae_wu_jian_wuxing_cycle, ebering_ghost_gozag,
          minmay_crystal_water, minmay_manual_macuahuitl, uniq_jeremiah
D:7:      layout_basic, minmay_temple_entry_tees,
          gammafunk_ghost_wrathful_warriors, uniq_pikel, uniq_joseph
D:8:      layout_loops_ring, nemelex_diamond_rough_becter, lair_entry_dummy,
          minmay_sticks_and_stones
D:9:      layout_gridville, nicolae_tso_carved_into_rock, enter_bailey_5,
          uniq_maggie, uniq_prince_ribbit1, uniq_maurice
D:10:     layout_roguey, fedhas_altar_1, serial_bayou_crossing
Temple:   minmay_temple_bridge_d

Skill      XL: |  1  2  3  4  5  6  7  8  9 10 11 |
---------------+----------------------------------+-----
Spellcasting   | 1 2 3 4 6 8 9 |  9.6
Conjurations   | 1 2 3 4 6 8 9 |  9.6
Hexes          | 1 2 3 4 6 8 9 |  9.6
Summonings     | 1 2 3 4 6 8 9 |  9.6
Necromancy     | 1 2 3 4 6 8 9 |  9.6
Translocations | 1 2 3 4 6 8 9 |  9.6
Transmutations | 1 2 3 4 6 8 9 |  9.6
Fire Magic     | 1 2 3 4 6 8 9 |  9.6
Ice Magic      | 1 2 3 4 6 8 9 |  9.6
Air Magic      | 1 2 3 4 6 8 9 |  9.6
Earth Magic    | 1 2 3 4 6 8 9 |  9.6
Poison Magic   | 1 2 3 4 6 8 9 |  9.6
Fighting       | 4 5 6 8 9 11 13 | 13.1
Long Blades    | |  2.6
Armour         | |  1.0
Dodging        | |  2.1

Action                     |  1- 3 |  4- 6 |  7- 9 | 10-12 || total
---------------------------+-------+-------+-------+-------++-------
  Melee: Falchion          |    53 |       |       |       ||    53
         Morningstar       |    27 |   106 |       |       ||   133
         Short sword       |       |    27 |   370 |   811 ||  1208
         Punch             |       |     2 |     7 |    12 ||    21
   Cast: Blink             |       |       |       |     4 ||     4
         Petrify           |       |       |       |     8 ||     8
  Evoke: Wand              |       |       |    13 |    30 ||    43
    Use: Scroll            |       |       |     8 |     9 ||    17
         Potion            |       |       |       |     1 ||     1
   Stab: Paralysed         |     1 |       |     9 |    10 ||    20
         Sleeping          |     2 |       |       |       ||     2
         Confused          |       |       |     1 |       ||     1
         Distracted        |       |       |     1 |     1 ||     2
         Petrified         |       |       |       |    26 ||    26
         Petrifying        |       |       |       |     1 ||     1
 Armour: Leather armour    |    47 |   117 |   252 |   618 ||  1034
  Dodge: Dodged            |    42 |    90 |   153 |   440 ||   725
  Block: Other             |       |       |    40 |   212 ||   252
         Reflection        |       |       |     2 |     8 ||    10

Table legend: (Time is in decaauts)
 A = Elapsed time spent in this place.
 B = Non-inter-level travel time spent in this place.
 C = Inter-level travel time spent in this place.
 D = Time resting spent in this place.
 E = Time spent auto-exploring this place.
 F = Levels seen in this place.
 G = Mean time per level.
                   A        B        C        D        E       F      G
               +--------+--------+--------+--------+--------+-----+--------+
         Total |  16499 |  16218 |    281 |   3727 |   8930 |  12 | 1374.9 |
       Dungeon |  13274 |  13034 |    240 |   2459 |   7927 |  10 | 1327.4 |
        Temple |    275 |    234 |     41 |    194 |     25 |   1 |  275.0 |
        Bailey |   2949 |   2949 |      0 |   1074 |    978 |   1 | 2949.0 |
               +--------+--------+--------+--------+--------+-----+--------+

Top non-repeatable levels by time:
  Bailey: 2949 daAuts
     D:6: 2606 daAuts
     D:9: 1857 daAuts
     D:8: 1606 daAuts
     D:7: 1518 daAuts
     D:5: 1278 daAuts
    D:10: 960 daAuts
     D:4: 919 daAuts
     D:3: 894 daAuts
     D:2: 823 daAuts
     D:1: 809 daAuts
  Temple: 275 daAuts
